 Dungeon Crawl Stone Soup version 0.24-a0-422-g9eff389 (webtiles) character file.

Game seed: 4097066242631671742

47 AlmondAAA the Insei (level 3, -1/23 HPs)
             Began as an Octopode Transmuter on June 12, 2019.
             Slain by a crimson imp (2 damage)
             ... summoned by Natasha
             ... on level 2 of the Dungeon.
             The game lasted 00:01:11 (968 turns).

AlmondAAA the Insei (Octopode Transmuter)            Turns: 968, Time: 00:01:12

Health: -1/23      AC:  1    Str: 10    XL:     3   Next: 70%
Magic:  5/6        EV: 13    Int: 17    God:
Gold:   42         SH:  0    Dex: 12    Spells: 5/6 levels left

rFire    . . .     SeeInvis .     - Unarmed
rCold    . . .     Gourm    .   (no shield)
rNeg     . . .     Faith    .   (helmet restricted)
rPois    .         Spirit   .   (no amulet)
rElec    .         Reflect  .   (no ring)
rCorr    .         Harm     .   (no ring)
MR       .....                  (no ring)
Stlth    ++........             (no ring)
HPRegen  0.07/turn              (no ring)
MPRegen  0.10/turn              (no ring)
                                (no ring)
                                (no ring)

@: appendage (expiring), slowed, very slow
A: almost no armour, stealthy swim, amphibious, 8 rings, constrict 8, tentacle
spike 3, camouflage 1, clever 1, gelatinous body 1
a: End Transformation


You were on level 2 of the Dungeon.
You were not hungry.
One of your tentacles had a temporary spike.
You visited 1 branch of the dungeon, and saw 2 of its levels.

You collected 42 gold pieces.

Inventory:

Missiles
 a - 12 arrows
Scrolls
 d - a scroll of fog {unknown}
 e - a scroll of immolation {unknown}
 f - 3 scrolls of amnesia {unknown}
 g - a scroll of remove curse {unknown}
 h - a scroll of enchant armour {unknown}
Comestibles
 c - 4 rations


   Skills:
 - Level 1.0 Fighting
 - Level 2.0 Dodging
 + Level 4.5 Unarmed Combat
 - Level 2.0 Spellcasting
 - Level 2.0 Transmutations


You had 5 spell levels left.
You knew the following spells:

 Your Spells              Type           Power        Failure   Level  Hunger
a - Beastly Appendage     Tmut           #.....       9%          1    #......

Your spell library contained the following spells:

 Spells                   Type           Power        Failure   Level  Hunger
 Sticks to Snakes         Tmut           #.......     13%         2    ###....
 Spider Form              Tmut/Pois      #.........   36%         3    ###....
 Ice Form                 Ice/Tmut       #.......     77%         4    #####..
 Blade Hands              Tmut           #.........   93%         5    ######.


Dungeon Overview and Level Annotations

Branches:
Dungeon (2/15)

Altars:

Annotations:
D:2 Natasha


Innate Abilities, Weirdness & Mutations

You cannot wear most types of armour.
You are very stealthy in the water. (Stealth+)
You are amphibious.
You can wear up to eight rings at the same time.
You can use your tentacles to constrict eight enemies at once.
Your skin changes colour to match your surroundings (Stealth+).
Your rubbery body absorbs attacks. (AC +1, EV +1)
One of your tentacles bears a large vicious spike.
Your mind is acute. (Int +2)


Message History

Natasha stares at you and mumbles some strange words.
You feel yourself slow down.
Casting: Beastly Appendage (safe; 10% risk of failure)
Confirm with . or Enter, or press ? or * to list all spells.
One of your tentacles grows a vicious spike.
The bat barely misses you. The bat completely misses you.
Natasha casts a spell.
It was a potion of mutation.
You feel extremely strange.
You feel clever.
You feel stupid.
You feel clever.
Your transformation is almost over.
The bat hits you. The bat barely misses you. The bat misses you.
Natasha casts a spell at you. The magic dart hits you!
* * * LOW HITPOINT WARNING * * *
Natasha casts a spell.
You miss the crimson imp. Your grab misses the crimson imp.
Your squeeze misses the crimson imp. The bat completely misses you.
The crimson imp grinds its teeth.
The crimson imp closely misses you. The crimson imp hits you.
You die...

#.# #.# #.# #.#### ###
#..). ..# # #..# #.#
##..###..#####.######
#....b@5h##...... ..###
#.##.####5##.##$####.#.#
#.##[#........#.
#.h.....###..###
######h#.####.#.#.
#...........#.##.#
#.(###†#.##.#.####
....!...##..#.# #.#
...###..#..†........


You could see Natasha, 2 crimson imps and a bat.

Vanquished Creatures
  Natasha (D:2)
  An ooze (D:1)
  A leopard gecko (D:1)
  2 goblins (D:1)
  3 hobgoblins (D:1)
  A kobold (D:2)
  A quokka (D:2)
  4 bats
  A rat (D:1)
15 creatures vanquished.

Notes
Turn   | Place    | Note
-------+----------+-------------------------------------------
     0 | D:1      | AlmondAAA the Octopode Transmuter began the quest for the
                  | Orb.
     0 | D:1      | Reached XP level 1. HP: 13/13 MP: 3/3
   445 | D:1      | Reached XP level 2. HP: 16/18 MP: 5/5
   930 | D:2      | Noticed Natasha
   932 | D:2      | Reached skill level 4 in Unarmed Combat
   942 | D:2      | Noticed a crimson imp
   943 | D:2      | Killed Natasha
   943 | D:2      | Reached XP level 3. HP: 15/23 MP: 4/6
   956 | D:2      | Noticed Natasha
   967 | D:2      | Gained mutation: Your mind is acute. (Int +2) [potion of
                  | mutation]
   967 | D:2      | Lost mutation: Your mind is acute. (Int +2) [potion of
                  | mutation]
   967 | D:2      | Gained mutation: Your mind is acute. (Int +2) [potion of
                  | mutation]
   967 | D:2      | HP: 1/23 [Natasha/magic dart (8)]
   968 | D:2      | Slain by a crimson imp

Levels and vault maps discovered:
D:1:      dpeg_arrival_short_road, layout_loops_ring, minmay_fountain_box
D:2:      layout_loops_cross, uniq_natasha, uniq_robin

Skill      XL: |  1  2 |
---------------+-------+-----
Unarmed Combat | 4 |  4.5
Fighting       | |  1.0
Dodging        | |  2.0
Spellcasting   | |  2.0
Transmutations | |  2.0

Action                   || total
-------------------------++-------
Melee: Unarmed           ||    41
       Constrict         ||     6
       Tentacles         ||     6
       Kick              ||     1
 Cast: Beastly Appendage ||     8
  Use: Potion            ||     1
 Stab: Sleeping          ||     4
Armor: Skin              ||    11
Dodge: Dodged            ||    41

Table legend:
 A = Non-vault XP
 B = Vault XP
 C = Vault XP percentage of total XP
 D = Non-vault monster count
 E = Vault monster count
 F = Vault count percentage of total count
                 A         B        C        D         E       F
            +---------+---------+-------+---------+---------+-------
      Total |      32 |      36 |  52.9 |      14 |       1 |   6.7
            +---------+---------+-------+---------+---------+-------
        D:1 |      24 |       0 |   0.0 |      10 |       0 |   0.0
        D:2 |       8 |      36 |  81.8 |       4 |       1 |  20.0
            +---------+---------+-------+---------+---------+-------
